 Dungeon Crawl Stone Soup version 0.22-a0-617-g6d95e9e (webtiles) character file.

23088 digijack the Fighter (level 13, -5/86 HPs)
             Began as a Gargoyle Fighter on July 12, 2018.
             Was the Champion of Okawaru.
             Slain by a two-headed ogre
             ... wielding a +0 giant club
             ... summoned by an orange crystal statue
              (6 damage)
             ... on level 8 of the Dungeon.
             The game lasted 02:16:46 (15072 turns).

digijack the Fighter (Gargoyle Fighter)            Turns: 15072, Time: 02:16:47

Health: -5/86      AC: 33    Str: 30    XL:     13   Next: 4%
Magic:  0/11       EV:  7    Int: -25 (11)God:    Okawaru [******]
Gold:   108        SH:  0    Dex: 13    Spells: 12/12 levels left

rFire    . . .     SeeInvis .   M - +3 demon whip (elec)
rCold    . . .     Gourm    .   L - +1 shield {rPois}
rNeg     + . .     Faith    +   F - +4 plate armour {ponderous}
rPois    ∞         Spirit   +   h - +0 helmet
rElec    +         Reflect  .   Q - scarf {Spirit}
rCorr    .         Harm     .   u - +0 pair of gloves
MR       .....                  t - +0 pair of boots {Fly}
Stlth    ..........             A - amulet of faith
HPRegen  0.24/turn              O - +4 ring of strength
MPRegen  0.12/turn              x - +2 ring of intelligence

@: confused, mighty, flying, slowed, lost intelligence, very slow
A: hooves 1, low mp 1, mutation resistance 1, negative energy resistance 1,
electricity resistance, unbreathing, petrification resistance, rot immunity, AC
+9
a: Heroism, Finesse, Renounce Religion, Stop Flying


You were on level 8 of the Dungeon.
You worshipped Okawaru.
Okawaru was exalted by your worship.
You were not hungry.

You visited 2 branches of the dungeon, and saw 14 of its levels.
You also visited: Sewer.

You collected 927 gold pieces.
You spent 819 gold pieces at shops.

Inventory:

Hand Weapons
 r - the +4 eveningstar "Seyffecw" {freeze, Str+3}
   (You found it on level 11 of the Dungeon)

   It has been specially enchanted to freeze those struck by it, causing extra
   injury to most foes and up to half again as much damage against particularly
   susceptible opponents.
   It can also slow down cold-blooded creatures.
   It affects your strength (+3).
 M - a +3 demon whip of electrocution (weapon)
Missiles
 l - 294 stones (quivered)
Armour
 a - the +10 large shield of Ignorance {rN+ Int-4}
   (You found it on level 8 of the Dungeon)

   It affects your intelligence (-4).
   It protects you from negative energy.
 c - a +0 shield
 h - a +0 helmet (worn)
 t - a +0 pair of boots of flying (worn)
 u - a +0 pair of gloves (worn)
 F - a +4 plate armour of ponderousness (worn)
 G - a +2 cloak
 L - a +1 shield of poison resistance (worn)
 Q - a scarf of spirit shield (worn)
Jewellery
 b - an uncursed ring of fire
 n - an uncursed ring of stealth
 o - an uncursed ring of magical power
 s - a +2 ring of protection
 x - a +2 ring of intelligence (right hand)
 A - an amulet of faith (around neck)
 D - an uncursed ring of ice
 O - a +4 ring of strength (left hand)
Wands
 i - a wand of acid (10)
 m - a wand of paralysis (21)
 v - a wand of flame (27)
 I - a wand of iceblast (5)
 P - a wand of random effects (33)
Scrolls
 g - 3 scrolls of remove curse
 j - 5 scrolls of teleportation
 k - 2 scrolls of enchant armour
 p - 11 scrolls of identify
 w - a scroll of amnesia
 y - 4 scrolls of magic mapping
 E - a scroll of fog
Potions
 d - 5 potions of might
Miscellaneous
 C - a phial of floods (inert)
Comestibles
 f - 19 rations


   Skills:
 + Level 12.1 Fighting
 - Level 10.8 Maces & Flails
 + Level 12.1 Armour
 + Level 12.1 Shields


You had 12 spell levels left.
You didn't know any spells.
Your spell library contained the following spells:

 Spells                   Type           Power        Failure   Level  Hunger
 Magic Dart               Conj           #...         100%        1    ##.....
 Confuse                  Hex            #.......     100%        3    ####...
 Iskenderun's Mystic Bla  Conj           #.......     100%        4    #####..
 Regeneration             Chrm/Necr      #.........   100%        3    ####...
 Tukima's Dance           Hex            #.......     100%        3    ####...
 Ensorcelled Hibernation  Hex/Ice        #.....       100%        2    ###....
 Silence                  Hex/Air        #.........   100%        5    ######.
 Corona                   Hex            #......      100%        1    ##.....
 Lee's Rapid Deconstruct  Erth           #.........   100%        5    ######.
 Shroud of Golubria       Chrm/Tloc      #.........   100%        2    ###....
 Fulminant Prism          Conj/Hex       #.........   100%        4    #####..
 Dazzling Spray           Conj/Hex       #.....       100%        3    ####...
 Force Lance              Conj/Tloc      #.......     100%        4    #####..
 Infusion                 Chrm           #...         100%        1    ##.....
 Song of Slaying          Chrm           #.......     100%        2    ###....
 Spectral Weapon          Hex/Chrm       #.......     100%        3    ####...
 Searing Ray              Conj           #.....       100%        2    ###....
 Borgnjor's Vile Clutch   Necr/Erth      #.........   100%        5    ######.


Dungeon Overview and Level Annotations

Branches:
Dungeon (13/15)            Temple (1/1) D:7            Lair (0/6) D:8
    Orc (0/2) D:12         Vaults (0/5) D:13

Altars:
Ashenzari
Cheibriados
Dithmenos
Elyvilon
Fedhas
Gozag
Hepliaklqana
Kikubaaqudgha
Makhleb
Nemelex Xobeh
Okawaru
Qazlal
Ru
Sif Muna
Trog
Uskayaw
Vehumet
Wu Jian
Xom
Yredelemnul
Zin
The Shining One

Shops:
D:4 }   D:5 (?*[   D:6 (   D:9 *   D:13 :

Annotations:
D:7 3 runed doors, kae's ghost, novice TeFE
D:8 1 runed door, exclusion: 4 orange crystal statues


Innate Abilities, Weirdness & Mutations

You are resistant to torment.
Your stone body is resilient. (AC +9)
You are immune to poison.
You resist negative energy. (rN+)
You are resistant to electric shocks. (rElec)
You can survive without breathing.
You are immune to petrification.
You are immune to rotting.
You have large cloven feet.
Your magical capacity is low. (-10% MP)
You are somewhat resistant to further mutation.


Message History

Something tries to feed on your intellect!
The adder bites you but does no damage.
The orange crystal statue fixes its piercing gaze on you.
Something tries to feed on your intellect!
The killer bee closely misses you.
The bullfrog hits you but does no damage.
The killer bee barely misses you.
The necrophage hits you but does no damage.
The bullfrog hits you but does no damage.
Evoke which item? (* to show all) (? for menu, Esc to quit)
You're too confused!
You barely miss the adder.
The killer bee buzzes angrily.
The killer bee stings you.
* * * LOW HITPOINT WARNING * * *
The killer bee stings you but does no damage.
The bullfrog hits you but does no damage.
The adder bites you but does no damage.
The two-headed ogre hits you with a giant club.
You die...

#.......##.##.#.##.###.#####.
##.##.#........).....##.##....
####...#.#.####+####.#.###.##.##.
...^.....#.#8.....8#.#...........
...........#.#...#.#...##########
##.##.##.#(#.......#.###
#.##.....y#..oOo..#.#
#.#####.(.#..oSOF.#.# ##.#
#...#.#Oy@#.#.## ...#
###(#.#8..Fyn8#..# .###
#.....####'####..# .#
#.)..............# .#
#......###.....#.# .# #.....##
##.##.#.# ## #.....# #.......#
####### #.......# #.###..##


You could see 4 orange crystal statues, a two-headed ogre, 2 ogres, a
necrophage, 2 bullfrogs, 3 killer bees, an adder and 3 orcs.

Vanquished Creatures
  Snorg (D:12)
  A hydra (D:11)
  2 centaur warriors (D:13)
  Erica (D:11)
  5 two-headed ogres
  A tengu warrior (D:10)
  A skeletal warrior (D:13)
  An unseen horror (D:11)
  A cyclops (D:11)
  A manticore (D:11)
  2 ugly things
  Psyche (D:8)
  Joseph (D:10)
  A gargoyle (D:13)
  A kobold demonologist (D:13)
  2 yaktaurs (D:13)
  A tengu conjurer (D:13)
  2 hornets (D:11)
  2 hippogriffs
  A vampire (D:13)
  A wraith (D:11)
  A water elemental (D:12)
  A golden eye (shapeshifter) (D:13)
  5 yaks
  Grum (D:8)
  A hungry ghost (D:12)
  3 acid dragons
  An ice beast (D:11)
  3 sky beasts
  10 orc warriors
  A black bear (D:6)
  A necrophage (D:5)
  3 wolves (D:8)
  5 centaurs
  3 crocodiles
  5 big kobolds
  9 bullfrogs
  8 scorpions
  A wyvern skeleton (D:13)
  3 killer bees (D:8)
  11 wights
  3 electric eels (D:12)
  2 howler monkeys
  5 crimson imps
  A quasit (D:5)
  2 centaur zombies
  4 jellies
  2 bullfrog zombies
  7 hounds
  11 orc priests
  8 orc wizards
  A gnoll shaman (D:5)
  An iguana (D:8)
  3 bullfrog skeletons
  6 centaur skeletons
  10 worker ants
  A killer bee zombie (D:6)
  A hound zombie (D:5)
  2 worker ant zombies (D:8)
  8 gnolls
  15 adders
  6 shadow imps
  2 oozes
  A worm (D:5)
  4 dart slugs
  6 leopard geckos
  50 orcs
  2 ball pythons (Sewer)
  8 giant cockroaches
  9 goblins
  3 hobgoblins
  19 jackals
  32 kobolds
  5 quokkas
  11 bats
  10 frilled lizards
  A leopard gecko zombie (D:5)
  4 rats
372 creatures vanquished.

Vanquished Creatures (collateral kills)
  A two-headed ogre (D:9)
  A hippogriff (D:9)
  A yak (D:9)
  An ogre (D:9)
  A bullfrog (D:9)
  A howler monkey (D:9)
6 creatures vanquished.

Vanquished Creatures (others)
  A human (D:5)
  2 fungi (D:6)
3 creatures vanquished.

Grand Total: 381 creatures vanquished

Notes
Turn   | Place    | Note
-------+----------+-------------------------------------------
     0 | D:1      | digijack the Gargoyle Fighter began the quest for the Orb.
     0 | D:1      | Reached XP level 1. HP: 14/14 MP: 1/1
   324 | D:1      | Reached XP level 2. HP: 19/19 MP: 2/2
   749 | D:2      | Reached XP level 3. HP: 23/23 MP: 3/3
   846 | D:2      | Found a snail-covered altar of Cheibriados.
  1133 | D:2      | Reached XP level 4. HP: 26/29 MP: 4/4
  1509 | D:3      | Found a glowing drain.
  1538 | Sewer    | Entered a sewer
  1799 | Sewer    | Reached XP level 5. HP: 30/33 MP: 5/5
  2884 | D:4      | Reached XP level 6. HP: 39/39 MP: 6/6
  3221 | D:4      | Found Caifoica's Gadget Shop.
  3506 | D:5      | Entered Level 5 of the Dungeon
  3508 | D:5      | Noticed a necrophage
  3524 | D:5      | Killed a necrophage
  3524 | D:5      | Reached skill level 5 in Fighting
  3524 | D:5      | Reached skill level 5 in Armour
  3524 | D:5      | Reached skill level 5 in Shields
  3524 | D:5      | Reached XP level 7. HP: 31/44 MP: 7/7
  3707 | D:5      | Found Jugiegou's Antique Weapon Emporium.
  3901 | D:5      | Found Nuwaqiv's General Store.
  4055 | D:5      | Found Duemuph's Antique Armour Shoppe.
  4077 | D:5      | Reached XP level 8. HP: 10/51 MP: 8/8
  4314 | D:5      | Bought a pair of glowing boots for 195 gold pieces
  4522 | D:5      | Found an ancient bone altar of Kikubaaqudgha.
  4587 | D:5      | Reached skill level 5 in Maces & Flails
  4650 | D:5      | Found Emoosily's Magic Scroll Boutique.
  5573 | D:6      | Found Daewufum's Antique Weapon Shoppe.
  5722 | D:6      | Found a deep blue altar of Sif Muna.
  6155 | D:6      | Reached XP level 9. HP: 56/56 MP: 9/9
  6526 | D:7      | Found a staircase to the Ecumenical Temple.
  6567 | D:7      | Found a runed gate.
  6569 | D:7      | Noticed kae's ghost (novice TeFE)
  6580 | D:7      | Found a runed gate.
  6587 | D:7      | Found a runed gate.
  6665 | Temple   | Entered the Ecumenical Temple
  6892 | Temple   | Became a worshipper of Warmaster Okawaru
  7015 | D:7      | Found an iron altar of Okawaru.
  7310 | D:7      | You are sucked into a shaft for 3 floors!
  7310 | D:10     | Entered Level 10 of the Dungeon
  7355 | D:9      | Noticed a two-headed ogre
  7365 | D:9      | Noticed a two-headed ogre
  7365 | D:9      | Noticed a two-headed ogre
  7378 | D:9      | Killed a two-headed ogre
  7378 | D:9      | Reached * piety under Okawaru
  7388 | D:9      | Reached XP level 10. HP: 55/64 MP: 10/10
  7403 | D:9      | Killed a two-headed ogre
  7403 | D:9      | Reached ** piety under Okawaru
  7404 | D:9      | Killed a two-headed ogre
  7407 | D:9      | Reached *** piety under Okawaru
  7800 | D:8      | Noticed Grum
  7801 | D:8      | Found a staircase to the Lair.
  7805 | D:8      | Gained mutation: Your magical capacity is low. (-10% MP) [potion of mutation]
  7805 | D:8      | Gained mutation: You have large cloven feet. [potion of mutation]
  7805 | D:8      | Gained mutation: You are somewhat resistant to further mutation. [potion of mutation]
  7846 | D:8      | Killed Grum
  7993 | D:8      | Noticed Psyche
  8002 | D:8      | Paralysed by something for 5 turns
  8010 | D:8      | Killed Psyche
  8242 | D:8      | Reached **** piety under Okawaru
  8292 | D:8      | Found a runed door.
  8316 | D:8      | Found the +10 large shield of Ignorance {rN+ Int-4}
  8332 | D:8      | Found a runed door.
  8346 | D:8      | Noticed an orange crystal statue
  8362 | D:8      | Noticed an orange crystal statue
  8362 | D:8      | Noticed an orange crystal statue
  8362 | D:8      | Noticed an orange crystal statue
  8676 | D:8      | Noticed a two-headed ogre
  9151 | D:8      | Reached XP level 11. HP: 69/71 MP: 9/9
  9416 | D:9      | Noticed a two-headed ogre
  9443 | D:9      | Killed a two-headed ogre
  9665 | D:9      | Found Wasuilyu's Assorted Antiques.
 10123 | D:10     | Noticed Joseph
 10142 | D:10     | Killed Joseph
 10142 | D:10     | Reached skill level 10 in Fighting
 10142 | D:10     | Reached skill level 10 in Shields
 10228 | D:10     | Noticed a tengu warrior
 10246 | D:10     | Killed a tengu warrior
 10246 | D:10     | Reached ***** piety under Okawaru
 10246 | D:10     | Reached skill level 10 in Armour
 10650 | D:11     | Killed an unseen horror
 10771 | D:11     | Noticed Erica
 10793 | D:11     | Killed Erica
 11118 | D:11     | Noticed a two-headed ogre
 11128 | D:11     | Killed a two-headed ogre
 11235 | D:11     | Noticed a purple ugly thing
 11253 | D:11     | Killed a purple ugly thing
 11273 | D:11     | Noticed a cyclops
 11300 | D:11     | Killed a cyclops
 11300 | D:11     | Received a gift from Okawaru
 11576 | D:11     | Noticed a manticore
 11577 | D:11     | Noticed a five-headed hydra
 11601 | D:11     | Killed a five-headed hydra
 11601 | D:11     | Reached XP level 12. HP: 62/80 MP: 10/10
 11621 | D:11     | Reached ****** piety under Okawaru
 11925 | D:11     | Got a smoking eveningstar
 11926 | D:11     | Identified the +4 eveningstar "Seyffecw" {freeze, Str+3} (You found it on level 11 of the Dungeon)
 12158 | D:12     | Reached skill level 10 in Maces & Flails
 12174 | D:12     | Noticed a two-headed ogre
 12181 | D:12     | Killed a two-headed ogre
 12604 | D:12     | Found a staircase to the Orcish Mines.
 12763 | D:12     | Noticed Snorg
 12776 | D:12     | HP: 3/80 [Snorg (3)]
 12790 | D:12     | Killed Snorg
 13056 | D:12     | Identified the Collected Works on Air and the Mountains
 13469 | D:13     | Noticed a centaur warrior
 13477 | D:13     | Killed a centaur warrior
 13633 | D:13     | Received a gift from Okawaru
 13797 | D:13     | Found Xiwyc's Book Shop.
 13837 | D:13     | Noticed a centaur warrior
 13872 | D:13     | Killed a centaur warrior
 13975 | D:13     | Reached XP level 13. HP: 84/86 MP: 11/11
 14206 | D:13     | Received a gift from Okawaru
 14369 | D:13     | Found a gate to the Vaults.
 14589 | D:5      | Bought a scroll of acquirement for 624 gold pieces
 14985 | D:8      | Lost intelligence.
 15068 | D:8      | HP: 4/86 [bullfrog[an orange crystal statue] (4)]
 15072 | D:8      | HP: 1/86 [killer bee[an orange crystal statue] (3)]
 15072 | D:8      | Slain by a two-headed ogre

Vault maps used:
D:1:      elethiomel_arrival_infinity_welcomes_careful_drivers,
          bh_walls_and_bars
D:2:      kennysheep_slug_shrine
D:3:      portal_sewer_entry_f
D:4:      serial_shops, shop, minmay_misc_feat_enclosed, minmay_crystal_water,
          minmay_misc_feat_plants
D:5:      serial_shops, nicolae_shop_overgrown_old_shop,
          nicolae_shop_window_shopping, shop_statue, shop_fountains,
          first_ration, tgw_kikubaaqudgha
D:6:      old_forge, kennysheep_mini_moat, serial_shops, shop_statue
D:7:      minmay_temple_entry_statues_fountains, ebering_ghost_rock_garden,
          okawaru_ov_weapons_minmay
D:8:      lair_entry_dummy, chequers_guarded_unrand_ignorance, uniq_psyche,
          uniq_grum
D:9:      serial_shops, nicolae_shop_crystal
D:10:     grunt_tengu_nest, uniq_joseph
D:11:     uniq_erica
D:12:     erik_orc_2, uniq_snorg
D:13:     hangedman_vaults_entry_quadrant_bands, serial_shops, shop_fountains
Temple:   minmay_crystal_snake_temple
Sewer:    sewer_co_scattered_pipes

Skill      XL: |  1  2  3  4  5  6  7  8  9 10 11 12 |
---------------+-------------------------------------+-----
Fighting       | 4 5 6 8 9 11 12 | 12.1
Shields        | 4 5 6 8 9 10 12 | 12.1
Armour         | 4 5 6 8 9 10 12 | 12.1
Maces & Flails | 3 4 5 7 8 9 10 | 10.8

Action                   |  1- 3 |  4- 6 |  7- 9 | 10-12 | 13-15 || total
-------------------------+-------+-------+-------+-------+-------++-------
Melee: Flail             |   152 |   242 |   493 |   762 |       ||  1649
       Eveningstar       |       |       |       |   177 |       ||   177
       Demon whip        |       |       |       |    95 |   210 ||   305
Throw: Stone             |       |       |       |     2 |       ||     2
Invok: Heroism           |       |       |       |     1 |       ||     1
 Abil: Stop Flying       |       |       |     1 |       |       ||     1
       Evoke Flight      |       |       |     1 |       |       ||     1
Evoke: Wand              |       |       |     6 |    19 |       ||    25
       Phial of floods   |       |       |       |     1 |     1 ||     2
       Phantom mirror    |       |       |       |       |     1 ||     1
  Use: Scroll            |     4 |    10 |     3 |     5 |     2 ||    24
       Potion            |     6 |     4 |     2 |     3 |    16 ||    31
  Eat: Chunk             |     1 |     8 |    12 |    17 |     2 ||    40
       Ration            |       |       |     1 |     3 |     1 ||     5
Armor: Scale mail        |    91 |     4 |       |       |       ||    95
       Plate armour      |       |   163 |   409 |   770 |   549 ||  1891
Dodge: Dodged            |    59 |    32 |    88 |   208 |   300 ||   687
Block: Shield            |   111 |   120 |   311 |   635 |   118 ||  1295

Table legend:
 A = Spawn XP
 B = Non-spawn XP
 C = Spawn XP percentage of total XP
 D = Spawn monster count
 E = Non-spawn monster count
 F = Spawn count percentage of total count
 G = Total turns spent on level
                    A         B        C        D         E        F      G
               +---------+---------+-------+---------+---------+-------+---------
         Total |       0 |   32984 |   0.0 |       0 |     378 |   0.0 | 15072
               +---------+---------+-------+---------+---------+-------+---------
           D:1 |       0 |      31 |   0.0 |       0 |      20 |   0.0 |   733
           D:2 |       0 |      81 |   0.0 |       0 |      16 |   0.0 |   756
           D:3 |       0 |      95 |   0.0 |       0 |      23 |   0.0 |   474
           D:4 |       0 |     272 |   0.0 |       0 |      14 |   0.0 |   922
           D:5 |       0 |     966 |   0.0 |       0 |      34 |   0.0 |  1814
           D:6 |       0 |    1038 |   0.0 |       0 |      30 |   0.0 |  1241
           D:7 |       0 |     738 |   0.0 |       0 |      20 |   0.0 |   791
           D:8 |       0 |    2329 |   0.0 |       0 |      33 |   0.0 |  1959
           D:9 |       0 |    5121 |   0.0 |       0 |      29 |   0.0 |   871
          D:10 |       0 |    1730 |   0.0 |       0 |       8 |   0.0 |   689
          D:11 |       0 |    7799 |   0.0 |       0 |      47 |   0.0 |  1608
          D:12 |       0 |    4759 |   0.0 |       0 |      46 |   0.0 |  1360
          D:13 |       0 |    7976 |   0.0 |       0 |      42 |   0.0 |   975
         Sewer |       0 |      49 |   0.0 |       0 |      16 |   0.0 |   621
               +---------+---------+-------+---------+---------+-------+---------
